 Dungeon Crawl Stone Soup version 0.23-a0-449-g8e4cbf7 (webtiles) character file.

1166 Amnesiac the Digger (level 8, 33/54 HPs)
             Began as a Demonspawn Earth Elementalist on Nov 22, 2018.
             Quit the game on level 4 of the Dungeon.
             The game lasted 00:07:11 (3145 turns).

Amnesiac the Digger (Demonspawn Earth Elementalist) Turns: 3145, Time: 00:07:12

Health: 33/54      AC:  5    Str:  9    XL:     8   Next: 17%
Magic:  2/15       EV: 12    Int: 19    God:
Gold:   146        SH:  0    Dex: 13    Spells: 5/17 levels left

rFire    + . .     SeeInvis .   e - +0 dagger
rCold    . . .     Gourm    .   (no shield)
rNeg     . . .     Faith    .   c - +0 robe
rPois    .         Spirit   .   (no helmet)
rElec    .         Reflect  .   (no cloak)
rCorr    .         Harm     .   h - +0 pair of gloves
MR       .....                  (no boots)
Stlth    ++........             (no amulet)
HPRegen  0.18/turn              (no ring)
MPRegen  0.14/turn              (no ring)

@: no status effects
A: hooves 1, rugged brown scales 2, fire resistance 1, spiny 1, flame cloud
immunity
a: no special abilities


You were on level 4 of the Dungeon.
You were not hungry.

You visited 1 branch of the dungeon, and saw 5 of its levels.

You collected 146 gold pieces.

Inventory:

Hand Weapons
 e - a +0 dagger (weapon)
Missiles
 l - 2 stones (quivered)
Armour
 c - a +0 robe (worn)
 h - a +0 pair of gloves (worn)
 p - a +0 pair of boots
Wands
 b - a wand of acid (3)
 m - a wand of paralysis (8)
Scrolls
 a - 2 scrolls of remove curse {!r, unknown}
 g - 2 scrolls of fear {!r}
 i - a scroll of enchant armour {!r}
 j - a scroll of teleportation {!r}
 o - a scroll of fog {!r, unknown}
Potions
 k - a potion of degeneration {!q, unknown}
 n - a potion of curing {!q, unknown}
Comestibles
 d - 7 rations
 f - 6 chunks of flesh


   Skills:
 - Level 2.7 Short Blades
 - Level 1.7 Dodging
 - Level 2.2 Stealth
 + Level 5.0 Spellcasting
 - Level 0.8 Transmutations
 * Level 7.3 Earth Magic


You had 5 spell levels left.
You knew the following spells:

 Your Spells              Type           Power        Failure   Level  Hunger
a - Sandblast             Erth           ####..       1%          1    None
b - Passwall              Tmut/Erth      ###.....     3%          2    #......
d - Lee's Rapid Deconstr  Erth           ####......   17%         5    ######.
e - Petrify               Tmut/Erth      ###.....     22%         4    ####...

Your spell library contained the following spells:

 Spells                   Type           Power        Failure   Level  Hunger
 Stone Arrow              Conj/Erth      ###...       9%          3    ##.....


Dungeon Overview and Level Annotations

Branches:
Dungeon (5/15)
 Temple: D:4-7

Altars:
Elyvilon
Hepliaklqana


Innate Abilities, Weirdness & Mutations

You have large cloven feet.
You are mostly covered in rugged brown scales. (AC +2, +5% HP)
Your flesh is heat resistant. (rF+)
You are partially covered in sharp spines.
You are immune to clouds of flame.


Message History

Press: ? - help, Shift-Dir - straight line, f/p - Pikel
Aim: Pikel, wielding a +0 whip of flaming and wearing a +0 robe (moderately The blast of sand misses Pikel.
l - 7 stones Pikel hits you with a +0 whip of flaming.
Pikel burns you.
Casting: Sandblast (safe; 1% risk of failure)
Confirm with . or Enter, or press ? or * to list all spells.
Aiming: Sandblast (safe; 1% risk of failure)
Press: ? - help, Shift-Dir - straight line, f/p - Pikel
Aim: Pikel, wielding a +0 whip of flaming and wearing a +0 robe (moderately The blast of sand misses Pikel.
l - 6 stones Pikel hits you with a +0 whip of flaming.
Pikel burns you.
Casting: Sandblast (safe; 1% risk of failure)
Confirm with . or Enter, or press ? or * to list all spells.
Aiming: Sandblast (safe; 1% risk of failure)
Press: ? - help, Shift-Dir - straight line, f/p - Pikel
Aim: Pikel, wielding a +0 whip of flaming and wearing a +0 robe (moderately The blast of sand hits Pikel.
Pikel is heavily wounded.
l - 5 stones The slave shouts!
Pikel says, "You'll feel the lick of my whip!"
Pikel hits you but does no damage.
Casting: Sandblast (safe; 1% risk of failure)
Confirm with . or Enter, or press ? or * to list all spells.
Aiming: Sandblast (safe; 1% risk of failure)
Press: ? - help, Shift-Dir - straight line, f/p - Pikel
Aim: Pikel, wielding a +0 whip of flaming and wearing a +0 robe (heavily The blast of sand hits Pikel.
Pikel is severely wounded.
l - 4 stones Pikel says, "I knew I should've brought a map."
Pikel hits you with a +0 whip of flaming!
Casting: Sandblast (safe; 1% risk of failure)
Confirm with . or Enter, or press ? or * to list all spells.
Aiming: Sandblast (safe; 1% risk of failure)
Press: ? - help, Shift-Dir - straight line, f/p - Pikel
Aim: Pikel, wielding a +0 whip of flaming and wearing a +0 robe (severely The blast of sand hits Pikel.
Pikel is almost dead.
l - 3 stones Pikel closely misses you.
The slave is struck by your spines. The slave closely misses you.
Casting: Sandblast (safe; 1% risk of failure)
Confirm with . or Enter, or press ? or * to list all spells.
Aiming: Sandblast (safe; 1% risk of failure)
Press: ? - help, Shift-Dir - straight line, f/p - Pikel
Aim: Pikel, wielding a +0 whip of flaming and wearing a +0 robe (almost dead)
The blast of sand hits Pikel.
You kill Pikel!
You feel your dexterity returning.
Training target 2.0 for Short Blades reached!
Your Short Blades skill increases to level 2!
Your Spellcasting skill increases to level 5!
Your Earth Magic skill increases to level 7!
You have reached level 8!
You feel clever.
Your demonic ancestry asserts itself...
Your feet thicken and deform.
l - 2 stones With Pikel's spell broken, the former slaves thank you for their freedom.
Are you sure you want to abandon this character and quit the game? (Confirm

....# #.........##.....#.###
....####..............#)#...#
........[..........####.....#
...p####..........####...>..# #
p.p.K.......).....###......## ##
#######..)................## #.
...## #...................# ###.
....###.[......p..........####...
..........#...##@...........##.##
........p...####)p...............
....>...#........................
....p.........#..................
..[.###...<##...#................
...## #....###.............[.....
.### #.#...##...................
.######.#.#................).....
..##......###..#...........#.####


You could see 2 neutral freed slaves.

Vanquished Creatures
  Pikel (D:4)
  2 slaves
  3 ogres
  A centaur (D:5)
  A scorpion (D:4)
  A bullfrog zombie (D:5)
  A quasit (D:5)
  An orc priest (D:4)
  3 orc wizards (D:4)
  2 worker ants
  A hound skeleton (D:4)
  An adder (D:4)
  3 gnolls (D:5)
  2 adder zombies (D:5)
  An adder skeleton (D:4)
  A worm (D:2)
  8 leopard geckos
  5 orcs (D:4)
  4 giant cockroaches
  4 goblins
  3 hobgoblins (D:1)
  4 quokkas
  A ball python (D:5)
  7 bats
  A frilled lizard (D:3)
  2 kobolds
  2 rats (D:1)
66 creatures vanquished.

Notes
Turn   | Place    | Note
-------+----------+-------------------------------------------
     0 | D:1      | Amnesiac the Demonspawn Earth Elementalist began the quest
                  | for the Orb.
     0 | D:1      | Reached XP level 1. HP: 13/13 MP: 3/3
    84 | D:1      | Reached skill level 3 in Earth Magic
   285 | D:1      | Gained mutation: You are partially covered in rugged brown
                  | scales. (AC +1, +3% HP) [demonic ancestry]
   285 | D:1      | Reached XP level 2. HP: 12/19 MP: 0/5
   599 | D:2      | Gained mutation: Your flesh is heat resistant. (rF+)
                  | [demonic ancestry]
   599 | D:2      | Reached XP level 3. HP: 23/24 MP: 1/6
   603 | D:2      | Learned a level 2 spell: Passwall
   985 | D:4      | Noticed an ogre
   991 | D:4      | Killed an ogre
   991 | D:4      | Reached skill level 4 in Earth Magic
   991 | D:4      | Gained mutation: You are immune to clouds of flame.
                  | [demonic ancestry]
   991 | D:4      | Reached XP level 4. HP: 30/30 MP: 1/8
  1000 | D:4      | Reached XP level 5. HP: 20/36 MP: 1/9
  1063 | D:3      | Learned a level 5 spell: Lee's Rapid Deconstruction
  1303 | D:4      | Reached skill level 5 in Earth Magic
  1378 | D:4      | Gained mutation: You are partially covered in sharp spines.
                  | [demonic ancestry]
  1378 | D:4      | Reached XP level 6. HP: 39/42 MP: 0/11
  1536 | D:4      | Learned a level 4 spell: Petrify
  1539 | D:4      | Noticed a slave
  1539 | D:4      | Noticed a slave
  1540 | D:4      | Noticed a slave
  1541 | D:4      | Noticed Pikel
  1554 | D:5      | Entered Level 5 of the Dungeon
  1860 | D:4      | Noticed a slave
  2352 | D:5      | Found a white marble altar of Elyvilon.
  2391 | D:5      | Killed a slave
  2621 | D:5      | Reached skill level 6 in Earth Magic
  2670 | D:5      | Gained mutation: You are mostly covered in rugged brown
                  | scales. (AC +2, +5% HP) [demonic ancestry]
  2670 | D:5      | Reached XP level 7. HP: 38/48 MP: 10/13
  2756 | D:5      | Reached skill level 1 in Short Blades
  2853 | D:5      | Found a hazy altar of Hepliaklqana.
  3144 | D:4      | Killed Pikel
  3144 | D:4      | Reached skill level 5 in Spellcasting
  3144 | D:4      | Reached skill level 7 in Earth Magic
  3144 | D:4      | Gained mutation: You have large cloven feet. [demonic
                  | ancestry]
  3144 | D:4      | Reached XP level 8. HP: 33/54 MP: 2/15
  3145 | D:4      | Quit the game

Vault maps used:
D:1:      mrwooster_arrival_statue_2, serial_bayou, serial_bayou_shore_b,
          serial_bayou_pond_b, serial_bayou_crossing, serial_bayou_shore_b,
          minmay_tetromino_i2
D:2:      zin_treasury, first_ration
D:4:      uniq_pikel
D:5:      lemuel_round_altar, nicolae_overflow_crystal_walls

Skill      XL: |  1  2  3  4  5  6  7 |
---------------+----------------------+-----
Earth Magic    | 3 4 5 6 7 |  7.3
Spellcasting   | 3 4 5 |  5.0
Stealth        | 2 |  2.2
Short Blades   | 2 |  2.7
Dodging        | |  1.7
Transmutations | |  0.8

Action                   |  1- 3 |  4- 6 |  7- 9 || total
-------------------------+-------+-------+-------++-------
Melee: Unarmed           |     7 |    11 |       ||    18
       Dagger            |       |    49 |       ||    49
 Cast: Sandblast         |    51 |    49 |    24 ||   124
       Petrify           |       |     4 |       ||     4
       Passwall          |       |     2 |       ||     2
Evoke: Wand              |       |     3 |       ||     3
  Use: Scroll            |       |     3 |       ||     3
       Potion            |       |     2 |       ||     2
 Stab: Petrified         |       |    18 |       ||    18
       Sleeping          |       |     2 |       ||     2
  Eat: Chunk             |     1 |     6 |     1 ||     8
Armor: Robe              |     8 |    25 |     1 ||    34
Dodge: Dodged            |    27 |    54 |     5 ||    86

Table legend:
 A = Non-vault XP
 B = Vault XP
 C = Vault XP percentage of total XP
 D = Non-vault monster count
 E = Vault monster count
 F = Vault count percentage of total count
                 A         B        C        D         E       F
            +---------+---------+-------+---------+---------+-------
      Total |    1033 |     634 |  38.0 |      60 |       4 |   6.2
            +---------+---------+-------+---------+---------+-------
        D:1 |      35 |       5 |  12.5 |      18 |       3 |  14.3
        D:2 |      16 |       0 |   0.0 |       6 |       0 |   0.0
        D:3 |       7 |       0 |   0.0 |       4 |       0 |   0.0
        D:4 |     436 |     629 |  59.1 |      18 |       1 |   5.3
        D:5 |     539 |       0 |   0.0 |      14 |       0 |   0.0
            +---------+---------+-------+---------+---------+-------
